 Dungeon Crawl Stone Soup version 0.22-a0-402-ga933591 (webtiles) character file.

174 KristoblXynda the Ruffian (level 5, -1/45 HPs)
             Began as a Troll Wizard on May 7, 2018.
             Slain by an orc
             ... wielding a +0 dagger
              (3 damage)
             ... on level 3 of the Dungeon.
             The game lasted 00:03:11 (1591 turns).

KristoblXynda the Ruffian (Troll Wizard)            Turns: 1591, Time: 00:03:12

Health: -1/45      AC:  5    Str: 15    XL:     5   Next: 28%
Magic:  7/7        EV:  9    Int: 15    God:
Gold:   68         SH:  0    Dex:  8    Spells: 7/8 levels left

rFire    . . .     SeeInvis .     - Unarmed
rCold    . . .     Gourm    +   (no shield)
rNeg     + . .     Faith    .   a - +0 robe
rPois    .         Spirit   .   b - +0 hat
rElec    .         Reflect  .   (no cloak)
rCorr    .         Harm     .   (gloves unavailable)
MR       .....                  (boots unavailable)
Stlth    +.........             (no amulet)
HPRegen  0.55/turn              o - ring of positive energy
MPRegen  0.10/turn              (no ring)

@: no status effects
A: large, unfitting armour, claws 3, fast metabolism 3, gourmand, regeneration
1, shaggy fur 1, tough skin 2
a: no special abilities


You were on level 3 of the Dungeon.
You were completely stuffed.

You visited 1 branch of the dungeon, and saw 3 of its levels.

You collected 68 gold pieces.

Inventory:

Armour
 a - a +0 robe (worn)
 b - a +0 hat (worn)
Jewellery
 o - a ring of positive energy (left claw)
Wands
 n - a wand of scattershot (4)
Scrolls
 h - 3 scrolls of remove curse
Potions
 e - a potion of heal wounds {unknown}
 f - a potion of curing {unknown}
 l - a potion of might {unknown}
 p - a potion of magic
Comestibles
 c - 22 chunks of flesh
 d - 7 rations


   Skills:
 - Level 1.5 Dodging
 - Level 1.0 Stealth
 * Level 3.4 Unarmed Combat
 - Level 2.0 Spellcasting
 * Level 2.7 Conjurations
   Level 0.6 Summonings
   Level 0.6 Translocations


You had 7 spell levels left.
You knew the following spells:

 Your Spells              Type           Power        Failure   Level  Hunger
a - Magic Dart            Conj           #...         7%          1    #......


Dungeon Overview and Level Annotations

Branches:
Dungeon (3/15)

Altars:
Ashenzari
Hepliaklqana


Innate Abilities, Weirdness & Mutations

You are too large for most types of armour.
You have claws for hands.
Your metabolism is lightning-fast.
You like to eat raw meat.
Your natural rate of healing is unusually fast.
You are covered in fur. (AC +1)
You have very tough skin. (AC +2)


Message History

You claw the orc!
You kill the orc!
The orc hits you but does no damage.
You scratch the orc.
The orc is lightly wounded.
The orc hits you but does no damage.
You scratch the orc but do no damage.
The orc is lightly wounded.
The orc hits you with a dagger.
* * * LOW HITPOINT WARNING * * *
You closely miss the orc.
The orc is lightly wounded.
The orc hits you with a hand axe.
* * * LOW HITPOINT WARNING * * *
The orc hits you with a dagger.
* * * LOW HITPOINT WARNING * * *
You barely miss the orc.
The orc is lightly wounded.
The orc hits you with a dagger.
You die...

####.##.### .#[#.#
..####.##.# ..#..#
#......r..# ######......
######.##.###........#.#
#.##[..r...........
#.##..#####.###...
#.##..#(.()).###
#.....#...#o.).#
#..####...#@##.).# ....
##+##.o#...# #...
.........# .... #.#
#.......## #... #.
#....!..# ... +..._...+
. #.......# #.......#
.........


You could see 2 orcs.

Vanquished Creatures
  An orc priest (D:3)
  An orc wizard (D:3)
  3 adders
  2 oozes (D:1)
  2 dart slugs (D:1)
  3 leopard geckos (D:2)
  10 orcs (D:3)
  2 bats (D:1)
  2 giant cockroaches
  11 goblins
  7 hobgoblins
  3 jackals (D:3)
  2 quokkas (D:2)
  3 frilled lizards (D:1)
  5 kobolds
  7 rats
64 creatures vanquished.

Notes
Turn   | Place    | Note
-------+----------+-------------------------------------------
     0 | D:1      | KristoblXynda the Troll Wizard began the quest for the Orb.
     0 | D:1      | Reached XP level 1. HP: 16/16 MP: 2/2
    27 | D:1      | Reached skill level 1 in Conjurations
    59 | D:1      | Reached skill level 1 in Unarmed Combat
   119 | D:1      | Reached XP level 2. HP: 24/24 MP: 4/4
   273 | D:1      | Reached XP level 3. HP: 31/31 MP: 5/5
   589 | D:2      | Reached skill level 2 in Unarmed Combat
   862 | D:2      | Found a hazy altar of Hepliaklqana.
   947 | D:2      | Reached XP level 4. HP: 38/39 MP: 6/6
  1500 | D:3      | Reached skill level 3 in Unarmed Combat
  1510 | D:3      | Reached XP level 5. HP: 20/45 MP: 7/7
  1581 | D:3      | Found a shattered altar of Ashenzari.
  1590 | D:3      | HP: 2/45 [orc/dagger (2)]
  1591 | D:3      | Slain by an orc

Vault maps used:
D:1:      nicolae_arrival_somewhat_less_tricky_arrival
D:2:      lemuel_coloured_pillars_altar
D:3:      gup_sewer_entry_bubbles, evilmike_ruin_ashenzari

Skill      XL: |  1  2  3  4 |
---------------+-------------+-----
Conjurations   | 1 2 |  2.7
Unarmed Combat | 1 2 3 |  3.4
Dodging        | |  1.5
Stealth        | |  1.0
Spellcasting   | |  2.0
Summonings     | |  0.6
Translocations | |  0.6

Action                   |  1- 3 |  4- 6 || total
-------------------------+-------+-------++-------
Melee: Unarmed           |   133 |    71 ||   204
  Use: Scroll            |       |     6 ||     6
 Stab: Distracted        |     1 |       ||     1
       Sleeping          |     1 |       ||     1
  Eat: Chunk             |    14 |     6 ||    20
Armor: Robe              |    41 |    22 ||    63
Dodge: Dodged            |    62 |    42 ||   104

Table legend:
 A = Spawn XP
 B = Non-spawn XP
 C = Spawn XP percentage of total XP
 D = Spawn monster count
 E = Non-spawn monster count
 F = Spawn count percentage of total count
 G = Total turns spent on level
                    A         B        C        D         E        F      G
               +---------+---------+-------+---------+---------+-------+---------
         Total |       0 |     249 |   0.0 |       0 |      64 |   0.0 |  1591
               +---------+---------+-------+---------+---------+-------+---------
           D:1 |       0 |      53 |   0.0 |       0 |      24 |   0.0 |   548
           D:2 |       0 |      59 |   0.0 |       0 |      19 |   0.0 |   876
           D:3 |       0 |     137 |   0.0 |       0 |      21 |   0.0 |   167
               +---------+---------+-------+---------+---------+-------+---------
